 Dungeon Crawl Stone Soup version 0.26.0-10-g1f06aea511 (webtiles) character file.

Game seed: 13140560682967614605

746 raph the Cudgeller (level 7, -2/61 HPs)
             Began as a Minotaur Gladiator on Jan 25, 2021.
             Killed from afar by an orc wizard (7 damage)
             ... with a puff of frost
             ... on level 4 of the Dungeon.
             The game lasted 00:05:51 (3631 turns).

raph the Cudgeller (Minotaur Gladiator)             Turns: 3631, Time: 00:05:52

Health: -2/61      AC: 10    Str: 18    XL:     7   Next: 48%
Magic:  6/6        EV: 10    Int:  5    God:
Gold:   203        SH:  0    Dex: 20    Spells: 6/6 levels left

rFire    . . .     SeeInvis .   t - +0 morningstar
rCold    . . .     Faith    .   (no shield)
rNeg     . . .     Spirit   .   j - +0 chain mail
rPois    .         Reflect  .   c - +1 hat
rElec    .         Harm     .   o - +0 cloak
rCorr    .         Rampage  .   (no gloves)
Will     .....                  (no boots)
Stlth    ..........             (no amulet)
HPRegen  0.20/turn              k - +6 ring of dexterity
MPRegen  0.10/turn              (no ring)

@: mighty, lethally poisoned (-2 -> -2)
A: retaliatory headbutt, horns 2
a: no special abilities


You were on level 4 of the Dungeon.
You visited 1 branch of the dungeon, and saw 4 of its levels.

You collected 203 gold pieces.

Inventory:

Hand Weapons
 a - a +0 flail
 t - a +0 morningstar (weapon)
Missiles
 d - 3 throwing nets (quivered)
Armour
 b - a +0 leather armour
 c - a +1 hat (worn)
 j - a +0 chain mail (worn)
 o - a +0 cloak (worn)
Jewellery
 k - a +6 ring of dexterity (left hand)
Wands
 s - a wand of digging (1)
Scrolls
 f - a scroll of remove curse
 p - 2 scrolls of fog
Potions
 e - a potion of flight
 h - a potion of haste {unknown}
 i - a potion of cancellation {unknown}
 l - a potion of degeneration {unknown}
 m - 2 potions of curing
 n - 2 potions of brilliance
 q - a potion of lignification {unknown}
 r - 2 potions of heal wounds


   Skills:
 + Level 5.0 Fighting
 * Level 7.3 Maces & Flails
 + Level 4.1 Throwing
 + Level 5.2 Dodging


You had 6 spell levels left.
You didn't know any spells.
Your spell library was empty.

Dungeon Overview and Level Annotations

Branches:
Dungeon (4/15)
 Temple: D:4-7

Altars:


Innate Abilities, Weirdness & Mutations

You reflexively headbutt those who attack you in melee.
You have a pair of horns on your head.


Message History

* * * LOW HITPOINT WARNING * * *
You feel better. The adder bites you.
* * * LOW HITPOINT WARNING * * *
You are poisoned.
The adder poisons you!
You thump the adder!
You kill the adder!
You feel sick.
You hear some strange, mumbled words.
A puff of flame appears from out of thin air!
The puff of flame hits you.
* * * LOW HITPOINT WARNING * * *
You feel sick. Something hits you but does no damage.
You hear some strange, mumbled words.
A puff of frost appears from out of thin air!
The puff of frost misses you.
You hear some strange, mumbled words.
A puff of frost appears from out of thin air!
The puff of frost hits you!
You die...

.####.#........#.#.....
.# #.#####.####.......
#. ...................
## #######.####...... #
#.o.....# ## #####o..#
.# #.{.# )## ##.##
..### #@# #...####
#......#
###....#######'......#
.............##......#
###)...#####. .........
#)).#### ########...
..### ..# .## .. .#


You could see an orc wizard.

Vanquished Creatures
  An ogre (D:4)
  A scorpion (D:4)
  A howler monkey (D:4)
  3 orc priests (D:4)
  Crazy Yiuf (D:2)
  5 orc wizards (D:4)
  An iguana (D:4)
  Jessica (D:3)
  Natasha (thrice) (D:2)
  Terence (D:2)
  A worker ant (D:4)
  4 adders
  4 worms
  5 dart slugs
  4 leopard geckos
  11 orcs
  A ball python (D:3)
  4 giant cockroaches
  12 goblins
  5 hobgoblins
  3 jackals (D:1)
  4 kobolds
  A quokka (D:2)
  2 bats
  3 frilled lizards
  A jackal skeleton (D:4)
  8 rats
91 creatures vanquished.

Notes
Turn   | Place    | Note
-------+----------+-------------------------------------------
     0 | D:1      | raph the Minotaur Gladiator began the quest for the Orb.
     0 | D:1      | Reached XP level 1. HP: 18/18 MP: 0/0
   208 | D:1      | Reached XP level 2. HP: 23/25 MP: 1/1
   238 | D:1      | Reached skill level 4 in Maces & Flails
   851 | D:1      | Reached XP level 3. HP: 30/30 MP: 2/2
  1215 | D:2      | Noticed Terence
  1230 | D:2      | Killed Terence
  1231 | D:2      | Reached XP level 4. HP: 14/38 MP: 3/3
  1461 | D:2      | Noticed Natasha
  1471 | D:2      | Killed Natasha
  1472 | D:2      | Reached skill level 5 in Maces & Flails
  1861 | D:2      | Noticed Natasha
  1862 | D:2      | Killed Natasha
  1863 | D:2      | Reached XP level 5. HP: 45/45 MP: 4/4
  1942 | D:2      | Noticed Natasha
  1950 | D:2      | Killed Natasha
  1993 | D:2      | Found a runed translucent door.
  1994 | D:2      | Noticed Crazy Yiuf
  2001 | D:2      | Killed Crazy Yiuf
  2499 | D:3      | Noticed Jessica
  2515 | D:3      | Killed Jessica
  2999 | D:4      | Reached skill level 6 in Maces & Flails
  2999 | D:4      | Reached XP level 6. HP: 52/52 MP: 5/5
  3581 | D:4      | Reached XP level 7. HP: 60/60 MP: 6/6
  3585 | D:4      | Reached skill level 5 in Dodging
  3605 | D:4      | Reached skill level 7 in Maces & Flails
  3616 | D:4      | Reached skill level 5 in Fighting
  3631 | D:4      | Killed from afar by an orc wizard

Illustrated notes

Levels and vault maps discovered:
D:1:      onia_arrival_pyramid, layout_loops_ring, chequers_arboretum,
          minmay_liquid_box, serial_bayou_crossing
D:2:      layout_loops_ring, minmay_cupped, uniq_crazy_yiuf_cottage,
          uniq_terence, uniq_natasha
D:3:      layout_rooms, dk_vineyard_2, uniq_jessica
D:4:      minmay_general_purpose_star, layout_basic, minmay_temple_entry_glass

Skill      XL: |  1  2  3  4  5  6  7 |
---------------+----------------------+-----
Maces & Flails | 4 5 6 7 |  7.3
Fighting       | 3 4 5 |  5.0
Dodging        | 4 5 |  5.2
Throwing       | 3 4 |  4.1

Action                   |  1- 3 |  4- 6 |  7- 9 || total
-------------------------+-------+-------+-------++-------
Melee: Flail             |    75 |   111 |       ||   186
       Headbutt          |    16 |    26 |     3 ||    45
       Morningstar       |       |     3 |    23 ||    26
  Use: Scroll            |     6 |     7 |       ||    13
       Potion            |       |     1 |     3 ||     4
 Stab: Sleeping          |     1 |       |       ||     1
Armor: Leather armour    |    16 |       |       ||    16
       Chain mail        |       |    62 |    15 ||    77
Dodge: Dodged            |    52 |    47 |    15 ||   114
